 Dungeon Crawl Stone Soup version 0.19-a0-1170-g18f0c96 (webtiles) character file.

740564 DerBasler the Intangible (level 27, -3/296 HPs)
             Began as a Merfolk Transmuter on Aug 16, 2016.
             Was the Champion of Cheibriados.
             Killed from afar by an ophan (4 damage)
             ... with a bolt of fire
             ... on level 15 of a ziggurat on Aug 17, 2016.
             The game lasted 03:37:51 (64429 turns).

DerBasler the Intangible (Merfolk Transmuter)      Turns: 64429, Time: 03:37:51

Health: -3/296     AC: 37    Str: 33    XL:     27
Magic:  0/41       EV: 44    Int: 28    God:    Cheibriados [******]
Gold:   6422       SH:  0    Dex: 46    Spells: 11 memorised, 4 levels left

rFire  . . .     SeeInvis +       - Unarmed
rCold  + + .     Gourm    .     (armour currently unavailable)
rNeg   + + .     Faith    .     (no shield)
rPois  ∞         Spirit   +     s - +2 helmet
rElec  +         Dismiss  .     V - +0 cloak "Uhiol" {rC+ Str+5 Dex+3 SInv}
rCorr  .         Reflect  .     (gloves currently unavailable)
MR     +++..     Harm     .     (boots currently unavailable)
Stlth  +++.......               D - amulet "Kudel" {Spirit rElec rC+ Dex+4}
                                E - ring of Ashenzari's Approval {rN+ MR+ AC+4}
                                B - ring of Ishriu Bywa {Wiz +Inv Slay+6}

@: statue-form, very slightly contaminated, glowing, very slow
A: (change form in water), (swift swim)
a: End Transformation, Bend Time, Temporal Distortion, Slouch, Step From Time,
Renounce Religion, Evoke Invisibility
}: 6/15 runes: decaying, serpentine, slimy, silver, golden, abyssal


You were on level 15 of a ziggurat.
You worshipped Cheibriados.
Cheibriados was exalted by your worship.
You were not hungry.
You were a stone statue.
You visited 11 branches of the dungeon, and saw 53 of its levels.
You visited the Abyss 2 times.
You visited 1 ziggurat, and saw 15 of its levels.
You also visited: Sewer.

You collected 8956 gold pieces.
You spent 2534 gold pieces at shops.

Inventory:

Hand Weapons
 H - the +14 plutonium sword {*Contam Stlth-}
   (You found it on level 12 of a ziggurat)

   It causes magical contamination when unequipped.
   It makes you less stealthy.
Missiles
 a - 1320 arrows
Armour
 g - a +2 pair of boots (melded)
 s - a +2 helmet (worn)
 y - the +1 robe of the Pirate {rPois rN+ Dex+3}
   (You found it on level 6 of the Dungeon)

   It affects your dexterity (+3).
   It protects you from poison.
   It protects you from negative energy.
 A - the +5 pair of gloves of the Hidden Vale (melded) {Stlth+}
   (You found it on level 5 of the Pits of Slime)

   It makes you more stealthy.
 O - the +5 faerie dragon armour (melded) {rF+ rC+ Slay+3}
   (You took it off the Enchantress on level 1 of the Depths)

   It affects your accuracy and damage with ranged weapons and melee attacks
   (+3).
   It protects you from fire.
   It protects you from cold.
 V - the +0 cloak "Uhiol" (worn) {rC+ Str+5 Dex+3 SInv}
   (You bought it in a shop on level 1 of the Vaults)

   It affects your strength (+5).
   It affects your dexterity (+3).
   It protects you from cold.
   It lets you see invisible.
Jewellery
 o - an uncursed ring of protection from fire
 r - an uncursed ring of protection from magic
 B - the ring of Ishriu Bywa (left hand) {Wiz +Inv Slay+6}
   (You found it on level 5 of the Pits of Slime)

   [ring of wizardry]

   It improves your spell success rate.
   It affects your accuracy and damage with ranged weapons and melee attacks
   (+6).
   It lets you turn invisible.
 D - the amulet "Kudel" (around neck) {Spirit rElec rC+ Dex+4}
   (You found it on level 1 of the Lair of Beasts)

   [amulet of guardian spirit]

   It causes incoming damage to be split between your health and magic.
   It affects your dexterity (+4).
   It protects you from cold.
   It insulates you from electricity.
 E - the ring of Ashenzari's Approval (right hand) {rN+ MR+ AC+4}
   (You found it on level 2 of the Depths)

   [ring of protection]

   It affects your AC (+4).
   It protects you from negative energy.
   It affects your resistance to hostile enchantments.
 G - the amulet of Peace {Gourm rF+ rC- rN+}
   (You took it off a skeletal warrior on level 3 of the Crypt)

   [amulet of the gourmand]

   It allows you to eat raw meat even when not hungry.
   It protects you from fire.
   It makes you vulnerable to cold.
   It protects you from negative energy.
 I - an uncursed ring of positive energy
 P - an uncursed amulet of regeneration
 W - the ring "Fapsick" {rCorr rC+ rN+}
   (You took it off a skeletal warrior on level 3 of the Crypt)

   [ring of resist corrosion]

   It protects you from cold.
   It protects you from negative energy.
Wands
 p - a wand of digging (12/24)
Scrolls
 b - a scroll of summoning
 l - 12 scrolls of identify
 q - a scroll of enchant armour
 u - 7 scrolls of recharging
 v - 25 scrolls of remove curse
 F - 17 scrolls of teleportation
 K - 11 scrolls of magic mapping
 M - 10 scrolls of amnesia
 Q - 3 scrolls of holy word
 R - a scroll of torment
 S - 4 scrolls of fear
 U - a scroll of silence
 Y - 9 scrolls of fog
Potions
 e - 3 potions of cancellation
 f - 14 potions of curing
 i - 14 potions of flight
 j - 9 potions of heal wounds
 m - 6 potions of might
 n - 2 potions of invisibility
 x - 11 potions of agility
 z - 2 potions of cure mutation
 C - 3 potions of resistance
 N - 2 potions of magic
 X - 2 potions of brilliance
Miscellaneous
 c - a disc of storms
 k - a figurine of a ziggurat
Comestibles
 d - 23 bread rations
 h - 6 fruits
 t - 6 meat rations
 J - 5 chunks of flesh


   Skills:
 - Level 21.0 Fighting
 - Level 5.4 Armour
 O Level 27 Dodging
 + Level 19.0 Stealth
 O Level 27 Unarmed Combat
 - Level 14.2 Spellcasting
 - Level 12.0 Necromancy
 - Level 25.1 Transmutations
 - Level 11.1 Ice Magic
 - Level 10.3 Invocations


You had 4 spell levels left.
You knew the following spells:

 Your Spells              Type           Power        Failure   Level  Hunger
a - Beastly Appendage     Tmut           ######       0%          1    None
b - Sticks to Snakes      Tmut           ########     0%          2    None
c - Spider Form           Tmut/Pois      ######....   1%          3    None
d - Blade Hands           Tmut           ########..   0%          5    None
e - Ice Form              Ice/Tmut       #######.     0%          4    None
f - Dragon Form           Tmut           ########..   1%          7    #####..
g - Statue Form           Tmut/Erth      ######...    1%          6    ####...
h - Hydra Form            Tmut           ########..   1%          6    ####...
i - Irradiate             Conj/Tmut      ######....   1%          5    None
j - Ozocubu's Armour      Chrm/Ice       ######..     1%          3    None
k - Necromutation         Tmut/Necr      #######...   4%          8    #######


Dungeon Overview and Level Annotations

Branches:
Dungeon (15/15)            Temple (1/1) D:4            Lair (6/6) D:9
  Swamp (4/4) Lair:4        Snake (4/4) Lair:3        Slime (5/5) Lair:6
    Orc (2/2) D:10            Elf (0/3) Orc:2        Vaults (5/5) D:14
  Crypt (3/3) Vaults:3       Tomb (3/3) Crypt:3      Depths (5/5) D:15
    Zot: Depths:5

Altars:
Ashenzari
Cheibriados
Dithmenos
Elyvilon
Fedhas
Gozag
Hepliaklqana
Kikubaaqudgha
Makhleb
Nemelex Xobeh
Okawaru
Pakellas
Qazlal
Sif Muna
Trog
Uskayaw
Vehumet
Xom
Yredelemnul
Zin
The Shining One
Beogh
Jiyva

Shops:
D:3 }   D:6 *   D:15 ?   Orc:1 [   Orc:2 [*%(   Snake:2 %   Vaults:1 *[}*?
Vaults:2 }   Vaults:3 %   Depths:3 !

Portals:
Hell: Depths:1 Depths:2 Depths:3 Depths:4
Abyss: Depths:2 Depths:3 Depths:4
Pandemonium: Depths:1 Depths:3 Depths:4
Trove: D:14 (show abyssal rune of Zot)

Annotations:
D:11 1 runed door
D:14 Treasure for
Abyss rune


Message History

Unknown command.
Unknown command.
You are engulfed in blessed fire.
The pearl dragon no longer looks unusually strong.
The daeva no longer looks unusually strong.
The pearl dragon bites you.
* * * LOW HITPOINT WARNING * * *
The pearl dragon completely misses you.
The daeva hits you with an eudemon blade of holy wrath.
* * * LOW HITPOINT WARNING * * *
The daeva hits you but does no damage. The pearl dragon completely misses you.
The pearl dragon claws you.
* * * LOW HITPOINT WARNING * * *
The pearl dragon completely misses you.
The pearl dragon claws you but does no damage.
The ophan calls forth blessed flames!
Blessed fire suddenly surrounds you!
The ophan harnesses the cleansing power of fire!
The bolt of fire hits you!
You die...

▓▓▓▓▓▓▓▓▓▓▓▓▓
▓▓...........▓▓
▓.............▓
...........A..:▓▓
...D.A......D.}?▓▓
...YA....GG.D.!?|▓▓
§..GY.G...Y...%§A§▓▓
§§§AY........:AG8§:▓
§AAAADA.......§D§§▓▓
§§A..A........§§§▓▓
..A...........|$▓▓
..............!▓▓
▓.............▓
▓▓...........▓
▓▓▓▓▓▓▓▓▓▓▓


You could see an apis, 3 daevas, 3 pearl dragons and 3 ophanim.

Vanquished Creatures
  the Royal Jelly (Slime:5)
  Khufu (Tomb:2)
  2 ancient liches
  2 juggernauts
  Mara (Crypt:2)
  A juggernaut (shapeshifter) (Vaults:5)
  Sojobo (Tomb:2)
  25 greater mummies
  Boris (twice) (Crypt:1 Crypt:2)
  Margery (Vaults:2)
  Saint Roka (Crypt:1)
  A shard shrike (Zig:6)
  A caustic shrike (Depths:3)
  Nikola (Swamp:2)
  4 pandemonium lords
  5 golden dragons
  Jory (Tomb:2)
  the Enchantress (Depths:1)
  2 pearl dragons (Zig:15)
  3 tentacled monstrosities
  A Hell Sentinel (Zig:4)
  The ghost of rjrrt the Brawler, an adept TrBe of Trog (Vaults:4)
  6 quicksilver dragons
  5 titans
  24 acid blobs
  3 tentacled starspawn
  6 liches
  7 sphinxes
  3 ancient champions
  2 Executioners
  7 thorn hunters
  3 storm dragons
  4 shadow dragons
  11 tengu reavers
  Roxanne (Swamp:2)
  Donald (Vaults:2)
  12 azure jellies
  7 greater nagas
  4 revenants
  17 vault wardens
  12 fire giants
  2 iron dragons
  3 ghost moths (Zig:11)
  2 deep elf sorcerers (Vaults:5)
  Aizul (Vaults:2)
  4 balrugs
  9 frost giants
  2 deep elf elementalists
  An orc warlord (Vaults:5)
  3 black suns (Zig:12)
  An emperor scorpion (Zig:11)
  3 corrupters
  A caustic shrike zombie (Zig:9)
  Louise (Swamp:1)
  3 cacodemons (Zig:12)
  5 ghouls
  16 ironheart preservers
  A war gargoyle (Vaults:5)
  3 curse skulls
  3 spriggan defenders
  A reaper (Zig:12)
  4 entropy weavers
  A stone giant (shapeshifter) (Vaults:2)
  17 stone giants
  16 very ugly things
  9 vampire knights
  10 bennus
  3 blood saints
  3 deep elf demonologists
  2 deep elf annihilators
  10 spark wasps
  A lorocyproca (Zig:12)
  An ophan (Zig:15)
  2 yellow draconians (Zig:3)
  A black draconian (Zig:3)
  A merfolk javelineer (Depths:3)
  21 ettins
  13 eidola
  4 blizzard demons
  A deep elf death mage (Vaults:2)
  25 mummy priests
  16 yaktaur captains
  5 spectral quicksilver dragons (Crypt:3)
  5 death oozes (Slime:5)
  Snorg (Orc:1)
  16 great orbs of eyes
  6 jiangshi
  9 fire dragons
  3 deep elf high priests (Vaults:5)
  19 ogre magi
  2 green deaths
  14 ice dragons
  A great orb of eyes (shapeshifter) (Vaults:3)
  22 naga warriors
  Fannar (D:10)
  Harold (Lair:2)
  43 vault guards
  A ghost crab (shapeshifter) (Depths:2)
  27 hydras
  12 anacondas
  7 rakshasas
  6 spriggan air magi
  5 death knights
  10 centaur warriors
  A merfolk aquamancer (Depths:2)
  A satyr (Abyss:3)
  5 deep troll shamans
  3 ghost crabs
  24 death scarabs (Tomb:1)
  6 deep troll earth magi
  9 alligators
  5 vampire magi
  A death yak (Lair:6)
  7 thrashing horrors
  17 naga sharpshooters
  2 tengu warriors
  A soul eater (Crypt:3)
  7 orc high priests
  2 spectral storm dragons (Crypt:3)
  2 hell hogs (Depths:1)
  18 spriggans
  A storm dragon zombie (Depths:4)
  7 deep elf knights
  A titan skeleton (Depths:4)
  A spectral emperor scorpion (Crypt:3)
  3 wretched stars
  15 shock serpents
  Nergalle (D:10)
  10 spriggan berserkers
  16 hell knights
  3 storm dragon skeletons
  An iron giant skeleton (Crypt:3)
  An iron troll (Depths:3)
  2 sixfirhies
  4 sea snakes (Snake:2)
  5 salamander mystics
  5 shadow wraiths
  17 deep trolls
  A death drake (Zig:14)
  2 unseen horrors
  2 ghost moth zombies
  5 shambling mangroves
  17 skeletal warriors
  3 spriggan druids
  2 shadow demons
  An anaconda zombie (Tomb:1)
  17 swamp dragons
  22 anubis guards
  10 deep elf archers
  2 giant orange brains
  7 wizards
  13 flayed ghosts
  A spectral iron dragon (Crypt:3)
  7 naga ritualists
  4 lindwurms (Snake:4)
  A lindwurm (shapeshifter) (Vaults:4)
  A torturous demonspawn (Depths:3)
  An orange crystal statue (Zig:5)
  18 phantasmal warriors
  15 harpies
  5 necromancers
  A swamp dragon (shapeshifter) (Depths:2)
  A human zombie (Vaults:4)
  6 hill giants
  20 orc knights
  10 hornets
  12 ironbrand convokers
  57 ugly things
  2 spectral ice dragons (Crypt:3)
  An orb spider (Zig:11)
  14 mana vipers
  A harpy (shapeshifter) (Depths:2)
  A wolf spider zombie (D:14)
  7 wolf spiders
  19 deep elf magi
  A shadow dragon skeleton (Crypt:1)
  6 shining eyes
  An oklob plant (Lair:3)
  An iron dragon skeleton (Zig:9)
  3 sphinx zombies
  13 cyclopes
  2 sphinx skeletons
  4 orc sorcerers
  15 elephants
  2 worldbinders
  9 griffons
  2 spectral fire dragons (Crypt:3)
  4 salamanders
  2 manticores
  2 moths of wrath (shapeshifter)
  3 frost giant skeletons
  A stone giant skeleton (Abyss:3)
  2 centaur zombies
  An elf zombie (Zig:9)
  A fire giant skeleton (Tomb:2)
  A guardian serpent (shapeshifter) (Vaults:5)
  A dire elephant zombie (Tomb:1)
  4 smoke demons
  5 gargoyles
  3 apocalypse crabs
  A water nymph (shapeshifter) (Vaults:3)
  17 guardian serpents
  19 naga magi
  A purple draconian zombie (Crypt:1)
  2 eyes of devastation
  18 vault sentinels
  5 hellions
  43 black mambas
  27 spiny frogs
  A spiny frog (shapeshifter) (Vaults:2)
  A torpor snail (Zig:11)
  A yaktaur zombie (Depths:1)
  2 catoblepas zombies
  4 kobold demonologists
  An elf skeleton (Depths:4)
  57 yaktaurs
  5 komodo dragons
  A yaktaur (shapeshifter) (D:15)
  2 tormentors
  2 efreet
  22 freezing wraiths
  2 polar bears (shapeshifter)
  5 rime drakes (Lair:4)
  7 tengu conjurers
  A hellwing (Depths:3)
  40 guardian mummies
  A pale draconian skeleton (Crypt:1)
  3 meliai (D:15)
  4 red devils
  3 jumping spiders (Zig:11)
  12 trolls
  A meliai (shapeshifter) (Depths:5)
  4 ancient zymes
  13 bog bodies
  2 boulder beetles (shapeshifter)
  33 ushabtiu
  A blink frog (shapeshifter) (Vaults:5)
  A shadow dragon simulacrum (Zig:6)
  112 slime creatures
  5 giant leeches
  A frost giant simulacrum (Crypt:3)
  A harpy skeleton (D:15)
  A hornet zombie (Crypt:2)
  20 two-headed ogres
  3 boulder beetles
  A raiju (shapeshifter) (Depths:4)
  17 blink frogs
  An ettin zombie (Crypt:2)
  9 raiju
  A spectral black mamba (Crypt:3)
  5 air elementals (Depths:4)
  5 shadows
  A ynoxinul (Depths:3)
  12 starcursed masses
  An ice dragon zombie (Crypt:2)
  3 redbacks (Lair:6)
  11 wraiths
  21 flying skulls
  3 spriggan skeletons
  4 water elementals
  3 tarantellas (Zig:11)
  A tarantella (shapeshifter) (Vaults:1)
  A vampire (D:14)
  10 wyverns
  A deep troll skeleton (Depths:1)
  2 small abominations
  50 yaks
  A hill giant zombie (Crypt:2)
  Eustachio (D:5)
  A human (D:7)
  2 basilisks
  7 large abominations
  A yak (shapeshifter) (Vaults:1)
  2 golden eyes (Slime:3)
  2 chaos spawn
  8 hippogriffs
  2 hungry ghosts
  15 wargs
  24 swamp worms
  21 vampire mosquitoes
  A human (shapeshifter) (Vaults:3)
  A yaktaur simulacrum (Vaults:3)
  3 neqoxecs
  3 mottled dragons
  3 spectral spiny frogs (Crypt:3)
  2 wargs (shapeshifter)
  10 insubstantial wisps
  44 nagas
  Duvessa (D:5)
  20 water moccasins
  A spectral spriggan (Crypt:3)
  8 hell hounds
  A faun skeleton (Crypt:2)
  A giant eyeball (Zig:13)
  A hornet simulacrum (D:11)
  8 porcupines
  A spectral snapping turtle (Crypt:3)
  A merfolk skeleton (Crypt:1)
  A swamp drake (shapeshifter) (Vaults:4)
  9 swamp drakes
  28 wasps
  3 ice beasts
  Purgy (Sewer)
  An anubis guard zombie (Crypt:3)
  45 orc warriors
  2 black bears
  4 sky beasts
  3 phantoms
  An eye of draining (shapeshifter) (Vaults:1)
  72 ogres
  7 necrophages
  8 eyes of draining
  20 boggarts
  8 crocodiles
  A hog zombie (Crypt:3)
  29 wolves
  12 centaurs
  An elf simulacrum (Depths:1)
  8 big kobolds
  A giant frog (shapeshifter) (Depths:2)
  A rime drake skeleton (Crypt:3)
  Blork the orc (D:5)
  14 giant frogs
  An ogre simulacrum (Vaults:1)
  A glowing shapeshifter simulacrum (Depths:1)
  A wyvern zombie (D:10)
  Dowan (D:5)
  A komodo dragon skeleton (Crypt:2)
  A warg zombie (Crypt:1)
  2 scorpions
  A snapping turtle simulacrum (Crypt:3)
  A spriggan zombie (Crypt:1)
  A shapeshifter zombie (Crypt:3)
  10 wights
  6 killer bees
  A swamp dragon simulacrum (Crypt:3)
  4 howler monkeys
  A troll zombie (Tomb:1)
  2 electric eels (Lair:4)
  8 crimson imps
  2 giant frog zombies
  2 quasits
  2 wolf skeletons (Crypt:1)
  6 jellies
  47 orc priests
  7 hounds
  24 orc wizards
  2 centaur skeletons
  A porcupine zombie (Crypt:2)
  5 iguanas
  A lightning spire (Zig:6)
  14 worker ants
  A porcupine skeleton (Crypt:1)
  32 sheep
  A mottled dragon zombie (Crypt:1)
  A felid skeleton (Crypt:3)
  50 mummies
  3 worker ant zombies
  A howler monkey skeleton (D:11)
  A howler monkey zombie (D:8)
  6 gnolls
  30 adders
  42 river rats
  4 shadow imps
  4 white imps (Depths:3)
  An ufetubus (Depths:3)
  An adder zombie (D:7)
  A sheep skeleton (Crypt:1)
  6 worms
  3 dart slugs
  5 giant geckos
  118 orcs
  A ball python (D:1)
  13 giant cockroaches
  8 hobgoblins
  8 jackals
  3 quokkas
  A ball python skeleton (D:4)
  9 bats
  4 giant newts
  5 goblins
  10 kobolds
  A quokka zombie (D:10)
  9 rats
  A rat zombie (Crypt:2)
  3 briar patches
  A bush (Lair:3)
  A lurking horror (Abyss:3)
  A plant (Lair:6)
  4 starspawn tentacles (Abyss:5)
2937 creatures vanquished.

Vanquished Creatures (collateral kills)
  A spriggan defender (Depths:1)
  2 very ugly things (Depths:1)
  Grinder (D:5)
  The ghost of CanOfBees the Ducker, an amateur DsGl (D:3)
  Menkaure (D:5)
  An ogre (D:5)
  2 killer bees (D:11)
  An orc wizard (D:5)
  A gnoll (D:3)
  A worm (D:2)
12 creatures vanquished.

Vanquished Creatures (others)
  A tengu reaver (Vaults:5)
  A hydra (Zig:14)
  An alligator (Zig:14)
  A spriggan druid (Zig:14)
  An anubis guard (Tomb:2)
  An ugly thing (Depths:1)
  A shadow dragon skeleton (Tomb:3)
  A spiny frog (Zig:14)
  A red devil (Abyss:5)
  A jumping spider (Zig:11)
  A giant leech (shapeshifter) (Vaults:5)
  A slime creature (Zig:14)
  A flying skull (Tomb:2)
  2 golden eyes
  An insubstantial wisp (Swamp:2)
  A naga (Snake:4)
  A water moccasin (Lair:1)
  A manticore zombie (Tomb:2)
  A boggart (Depths:1)
  A wight (Zig:9)
  An orc wizard (D:8)
  4 mummies (Tomb:2)
  9 briar patches
  20 fungi
  38 plants
  6 starspawn tentacles (Abyss:5)
99 creatures vanquished.

Grand Total: 3048 creatures vanquished

Notes
Turn   | Place    | Note
-------+----------+-------------------------------------------
     0 | D:1      | DerBasler the Merfolk Transmuter began the quest for the Orb.
     0 | D:1      | Reached XP level 1. HP: 15/15 MP: 3/3
   701 | D:1      | Reached XP level 2. HP: 8/21 MP: 5/5
   877 | D:1      | Learned a level 2 spell: Sticks to Snakes
  1193 | D:2      | Reached XP level 3. HP: 17/26 MP: 2/6
  1367 | D:2      | Learned a level 3 spell: Spider Form
  1430 | D:2      | Reached skill level 5 in Transmutations
  1470 | D:2      | Found a bloodstained altar of Trog.
  1608 | D:2      | Reached XP level 4. HP: 28/32 MP: 1/7
  1926 | D:2      | Found a faded altar of an unknown god.
  2003 | D:3      | Noticed CanOfBees's ghost (amateur DsGl)
  2528 | D:3      | Found a glowing drain.
  2546 | D:3      | Reached XP level 5. HP: 37/37 MP: 4/8
  2611 | Sewer    | Entered a sewer
  2780 | Sewer    | Noticed Purgy
  2869 | Sewer    | Killed Purgy
  2869 | Sewer    | Reached skill level 5 in Dodging
  2981 | D:3      | Reached XP level 6. HP: 40/43 MP: 3/9
  3031 | D:3      | Noticed an orc warrior
  3055 | D:3      | Killed an orc warrior
  3199 | D:3      | Found an oddly glowing altar of Pakellas.
  3199 | D:3      | Found Pakellas's Prime Provisions.
  3341 | D:3      | Killed CanOfBees's ghost
  3341 | D:3      | Reached XP level 7. HP: 37/48 MP: 0/10
  3744 | D:2      | Found a radiant altar of Vehumet.
  4059 | D:4      | Found a staircase to the Ecumenical Temple.
  4090 | D:4      | Reached skill level 5 in Unarmed Combat
  4100 | Temple   | Entered the Ecumenical Temple
  4518 | D:4      | Found a glowing silver altar of Zin.
  4518 | D:4      | Found an opulent altar of Gozag.
  4721 | D:5      | Entered Level 5 of the Dungeon
  4721 | D:5      | Noticed Menkaure
  4731 | D:5      | Killed Menkaure
  4910 | D:5      | Reached XP level 8. HP: 38/54 MP: 7/11
  5053 | D:5      | Noticed Blork the orc
  5065 | D:5      | Killed Blork the orc
  5338 | D:5      | Noticed Grinder
  5348 | D:5      | Killed Grinder
  5349 | D:5      | Noticed Eustachio
  5503 | D:5      | Learned a level 5 spell: Blade Hands
  5532 | D:5      | Found a blossoming altar of Fedhas.
  5580 | D:5      | Killed Eustachio
  5580 | D:5      | Reached skill level 10 in Dodging
  6006 | D:5      | Noticed Duvessa
  6006 | D:5      | Noticed Dowan
  6034 | D:5      | Killed Duvessa
  6061 | D:5      | Killed Dowan
  6061 | D:5      | Reached XP level 9. HP: 33/59 MP: 1/12
  6458 | D:6      | Found Tguquoj's Tempting Trifles.
  6673 | D:6      | Got an ichor-stained robe
  6738 | D:6      | Identified the cursed +1 robe of the Pirate {rPois rN+ Dex+3} (You found it on level 6 of the Dungeon)
  6776 | D:6      | Reached skill level 10 in Transmutations
  7211 | D:7      | Found a basalt altar of Yredelemnul.
  7535 | D:7      | Found a shadowy altar of Dithmenos.
  7591 | D:7      | Noticed a moth of wrath
  7594 | D:7      | Found a bloodstained altar of Trog.
  8059 | D:8      | Found a hide-covered altar of Uskayaw.
  8257 | D:8      | Found a shattered altar of Ashenzari.
  8310 | D:8      | Reached XP level 10. HP: 44/65 MP: 3/13
  8528 | D:8      | Found a deep blue altar of Sif Muna.
  8561 | D:8      | Identified Sif Muna's Incunabulum of Venom
  9054 | D:9      | Found a snail-covered altar of Cheibriados.
  9071 | D:9      | Became a worshipper of Cheibriados the Contemplative
  9088 | D:9      | Found a staircase to the Lair.
  9229 | D:10     | Entered Level 10 of the Dungeon
  9400 | D:10     | Found a staircase to the Orcish Mines.
  9424 | D:10     | Noticed a hill giant
  9427 | D:10     | Noticed Nergalle
  9755 | D:10     | Noticed a spectral orc warlord
  9755 | D:10     | Noticed a spectral orc warlord
  9947 | D:10     | Killed a hill giant
 10146 | D:10     | Reached * piety under Cheibriados
 10279 | D:10     | Noticed a kobold demonologist
 10287 | D:10     | Noticed Fannar
 10287 | D:10     | Noticed a gargoyle
 10304 | D:10     | Killed Fannar
 10489 | D:10     | Killed a kobold demonologist
 10495 | D:10     | Killed a gargoyle
 10495 | D:10     | Reached XP level 11. HP: 51/72 MP: 9/14
 10938 | D:10     | Reached ** piety under Cheibriados
 10940 | D:10     | Reached skill level 15 in Dodging
 10956 | D:10     | Killed Nergalle
 11273 | D:11     | Reached skill level 5 in Fighting
 11274 | D:11     | Noticed a purple ugly thing
 11282 | D:11     | Killed a purple ugly thing
 11733 | D:11     | Learned a level 4 spell: Ice Form
 11820 | D:11     | Reached *** piety under Cheibriados
 11991 | D:11     | Killed an unseen horror
 12030 | D:11     | Reached skill level 5 in Spellcasting
 12350 | D:6      | Bought a book of Transfigurations for 660 gold pieces
 12520 | D:11     | Reached XP level 12. HP: 66/86 MP: 14/20
 12524 | D:11     | Reached **** piety under Cheibriados
 12671 | D:11     | Learned a level 7 spell: Dragon Form
 12769 | D:11     | Found a runed door.
 12769 | D:11     | Noticed a storm dragon
 12770 | D:11     | Noticed a deep elf annihilator
 12771 | D:11     | Noticed a frost giant
 12771 | D:11     | Noticed an ettin
 12771 | D:11     | Noticed a storm dragon
 14546 | D:14     | Reached ***** piety under Cheibriados
 14871 | D:14     | Found a glowing golden altar of the Shining One.
 14880 | D:14     | Gained mutation: Your spells are a little easier to cast, but a little less powerful. [potion of mutation]
 14880 | D:14     | Gained mutation: You have a pair of small antennae on your head. [potion of mutation]
 14880 | D:14     | Lost mutation: Your spells are a little easier to cast, but a little less powerful. [potion of mutation]
 14883 | D:14     | Gained mutation: You evolve. [potion of mutation]
 14883 | D:14     | Gained mutation: You are resistant to hostile enchantments. (MR+) [potion of mutation]
 14883 | D:14     | Gained mutation: Your magical capacity is low. (-10% MP) [potion of mutation]
 14884 | D:14     | Gained mutation: You are agile. (Dex +2) [potion of mutation]
 14884 | D:14     | Lost mutation: You are agile. (Dex +2) [potion of mutation]
 14884 | D:14     | Gained mutation: Potions and wands are less effective at restoring your health. [potion of mutation]
 14885 | D:14     | Lost mutation: Your magical capacity is low. (-10% MP) [potion of cure mutation]
 14885 | D:14     | Lost mutation: You are resistant to hostile enchantments. (MR+) [potion of cure mutation]
 14885 | D:14     | Lost mutation: Potions and wands are less effective at restoring your health. [potion of cure mutation]
 14885 | D:14     | Lost mutation: You have a pair of small antennae on your head. [potion of cure mutation]
 14885 | D:14     | Lost mutation: You evolve. [potion of cure mutation]
 14896 | D:14     | Noticed a centaur warrior
 14903 | D:14     | Killed a centaur warrior
 14903 | D:14     | Reached skill level 15 in Transmutations
 15146 | D:14     | Noticed a vault guard
 15151 | D:14     | Found a bloodstained altar of Trog.
 15158 | D:14     | Killed a vault guard
 15165 | D:14     | Noticed a vault guard
 15172 | D:14     | Noticed a vault guard
 15176 | D:14     | Killed a vault guard
 15176 | D:14     | Reached XP level 13. HP: 84/91 MP: 21/23
 15311 | D:14     | Killed a vault guard
 15311 | D:14     | Reached skill level 10 in Unarmed Combat
 15473 | D:14     | Found a gate to the Vaults.
 15474 | D:14     | Noticed a vault guard
 15477 | D:14     | Killed a vault guard
 16015 | D:14     | Found a portal to a secret trove of treasure.
 16065 | D:15     | Entered Level 15 of the Dungeon
 16087 | D:15     | Noticed an ice dragon
 16087 | D:15     | Noticed an ice dragon
 16097 | D:15     | Killed an ice dragon
 16112 | D:15     | Killed an ice dragon
 16202 | D:15     | Found a staircase to the Depths.
 16497 | D:15     | Found Jucsaryx's Magic Scroll Shoppe.
 16503 | D:15     | Bought a scroll of identify for 28 gold pieces
 17040 | D:15     | Reached XP level 14. HP: 98/98 MP: 24/24
 17091 | D:15     | Reached ****** piety under Cheibriados
 17915 | Lair:1   | Entered Level 1 of the Lair of Beasts
 17923 | Lair:1   | Got a scintillating graven amulet
 18747 | Lair:2   | Learned a level 6 spell: Statue Form
 18987 | Lair:2   | Identified the amulet "Kudel" {Spirit rElec rC+ Dex+4} (You found it on level 1 of the Lair of Beasts)
 19176 | Lair:2   | Noticed Harold
 19182 | Lair:2   | Killed Harold
 20009 | Lair:3   | Found a staircase to the Snake Pit.
 20243 | Lair:4   | Found a staircase to the Swamp.
 20360 | Lair:4   | Reached skill level 10 in Spellcasting
 20693 | Lair:4   | Learned a level 6 spell: Hydra Form
 20752 | Lair:4   | Reached XP level 15. HP: 103/103 MP: 29/29
 21389 | Lair:5   | You fall through a shaft!
 21389 | Lair:6   | Entered Level 6 of the Lair of Beasts
 21911 | Lair:6   | Found a staircase to the Slime Pits.
 21911 | Lair:6   | Found a viscous altar of Jiyva.
 22562 | Snake:1  | Entered Level 1 of the Snake Pit
 23316 | Snake:1  | Reached XP level 16. HP: 115/115 MP: 21/30
 23470 | Snake:2  | Noticed a greater naga
 23480 | Snake:2  | Killed a greater naga
 24670 | Snake:2  | Found Foavy's Food Shop.
 25247 | Snake:3  | Found a stormy altar of Qazlal.
 25377 | Snake:3  | Noticed a greater naga
 25383 | Snake:3  | Killed a greater naga
 25460 | Snake:3  | Reached skill level 15 in Unarmed Combat
 25956 | Snake:3  | Reached XP level 17. HP: 125/125 MP: 25/32
 26083 | Snake:4  | Entered Level 4 of the Snake Pit
 26300 | Snake:4  | Reached skill level 10 in Fighting
 27192 | Snake:4  | Got a serpentine rune of Zot
 27251 | Snake:4  | Reached skill level 1 in Invocations
 27474 | Snake:4  | Reached skill level 5 in Invocations
 27478 | Snake:4  | Reached XP level 18. HP: 85/136 MP: 14/35
 28106 | Orc:1    | Entered Level 1 of the Orcish Mines
 28106 | Orc:1    | Found Xitu's Antique Armour Shop.
 28195 | Orc:1    | Noticed Snorg
 28197 | Orc:1    | Killed Snorg
 28218 | Orc:2    | Entered Level 2 of the Orcish Mines
 28497 | Orc:2    | Found Caqak's Assorted Antiques.
 28523 | Orc:2    | Bought 2 potions of heal wounds for 240 gold pieces
 28597 | Orc:2    | Found a staircase to the Elven Halls.
 28679 | Orc:2    | Found Qorelira's Armour Emporium.
 28711 | Orc:2    | Found a roughly hewn altar of Beogh.
 28753 | Orc:2    | Found Geigicsa's Antique Weapon Shop.
 28753 | Orc:2    | Found Rumeawosh's Food Emporium.
 29062 | Swamp:1  | Entered Level 1 of the Swamp
 29081 | Swamp:1  | Noticed Louise
 29094 | Swamp:1  | Killed Louise
 29911 | Swamp:2  | Reached skill level 10 in Invocations
 30478 | Swamp:2  | Noticed Nikola
 30486 | Swamp:2  | Killed Nikola
 30569 | Swamp:2  | Noticed Roxanne
 30587 | Swamp:2  | Killed Roxanne
 30588 | Swamp:2  | Identified Roxanne's Compendium of Transmutation (You took it off Roxanne on level 2 of the Swamp)
 31883 | Swamp:4  | Entered Level 4 of the Swamp
 31916 | Swamp:4  | Reached XP level 19. HP: 142/142 MP: 36/36
 32434 | Swamp:4  | Got a decaying rune of Zot
 33072 | Vaults:1 | Entered Level 1 of the Vaults
 33099 | Vaults:1 | Found Rituas's General Store.
 33111 | Vaults:1 | Found Deckikua's Magic Scroll Shoppe.
 33116 | Vaults:1 | Bought a potion of heal wounds for 75 gold pieces
 33116 | Vaults:1 | Bought 22 stones for 33 gold pieces
 33116 | Vaults:1 | Bought a potion of might for 60 gold pieces
 33148 | Vaults:1 | Bought a scroll of teleportation for 57 gold pieces
 33148 | Vaults:1 | Bought a scroll of teleportation for 57 gold pieces
 33148 | Vaults:1 | Bought a scroll of random uselessness for 19 gold pieces
 33885 | Vaults:1 | Found Vaduwath's Gadget Boutique.
 34160 | Vaults:1 | Found an ancient bone altar of Kikubaaqudgha.
 34242 | Vaults:1 | Found Githafoi's Antique Armour Shop.
 34260 | Vaults:1 | Bought an ancient robe for 210 gold pieces
 34260 | Vaults:1 | Bought a transparent cloak for 351 gold pieces
 34274 | Vaults:1 | Identified the +0 cloak "Uhiol" {rC+ Str+5 Dex+3 SInv} (You bought it in a shop on level 1 of the Vaults)
 34285 | Vaults:1 | Identified the +2 robe of the Morning {rCorr SInv} (You bought it in a shop on level 1 of the Vaults)
 34309 | Vaults:1 | Found Hamoqon's Assorted Antiques.
 34317 | Vaults:1 | Bought a scroll of magic mapping for 133 gold pieces
 34342 | Vaults:1 | Paralysed by an ogre mage for 4 turns
 34679 | Vaults:2 | Noticed Margery
 34690 | Vaults:2 | Killed Margery
 34690 | Vaults:2 | Reached XP level 20. HP: 154/154 MP: 28/37
 35059 | Vaults:2 | Found Onoi's Gadget Emporium.
 35460 | Vaults:2 | Noticed Aizul
 35468 | Vaults:2 | Killed Aizul
 35807 | Vaults:2 | Noticed Donald
 35809 | Vaults:2 | Killed Donald
 36356 | Vaults:3 | Identified the Tome of Supportive Moulding
 36684 | Vaults:3 | Found Omexul's Food Boutique.
 36838 | Vaults:3 | Found a staircase to the Crypt.
 37297 | Vaults:3 | Reached XP level 21. HP: 162/162 MP: 38/38
 37710 | Vaults:4 | Noticed rjrrt's ghost (adept TrBe)
 37716 | Vaults:4 | Killed rjrrt's ghost
 39109 | Vaults:5 | Entered Level 5 of the Vaults
 39519 | Vaults:4 | Reached XP level 22. HP: 169/169 MP: 27/39
 39577 | Vaults:5 | Noticed a golden dragon
 39591 | Vaults:4 | Reached skill level 27 in Dodging
 40018 | Vaults:4 | Killed a golden dragon
 40326 | Vaults:4 | Reached skill level 15 in Fighting
 40410 | Vaults:5 | Noticed a golden dragon
 40410 | Vaults:5 | an acid blob changed into a golden dragon
 40411 | Vaults:5 | a golden dragon changed into an acid blob
 40417 | Vaults:5 | Noticed a shard shrike
 40417 | Vaults:5 | a hellephant changed into a shard shrike
 40420 | Vaults:5 | a shard shrike changed into a titan
 40424 | Vaults:5 | Noticed a shard shrike
 40424 | Vaults:5 | a titan changed into a shard shrike
 40425 | Vaults:5 | a shard shrike changed into a hellephant
 40432 | Vaults:5 | Noticed a shard shrike
 40432 | Vaults:5 | a hellephant changed into a shard shrike
 40434 | Vaults:5 | a shard shrike changed into a titan
 40437 | Vaults:5 | Noticed a juggernaut
 40437 | Vaults:5 | a titan changed into a juggernaut
 40441 | Vaults:5 | Killed a juggernaut
 40985 | Vaults:5 | Reached XP level 23. HP: 153/188 MP: 12/40
 41775 | Vaults:5 | Identified Sif Muna's Tome of Good Luck
 42121 | Vaults:5 | Learned a level 5 spell: Irradiate
 42280 | Vaults:5 | Identified the Tome of Flight and Snow
 42468 | Vaults:5 | Identified Xeiv's Disquisition on Enhancements and the Snowflakes
 42474 | Vaults:5 | Got a silver rune of Zot
 42580 | Vaults:5 | Identified the Collected Works on Changing and Self-Improvement
 42786 | Vaults:5 | Learned a level 3 spell: Ozocubu's Armour
 42787 | Vaults:5 | Identified the cursed +1 leather armour "Tuwalato" {Stlth+} (You found it on level 5 of the Vaults)
 42893 | Crypt:1  | Entered Level 1 of the Crypt
 42987 | Crypt:1  | Noticed Boris
 42994 | Crypt:1  | Killed Boris
 43151 | Crypt:1  | Noticed Saint Roka
 43161 | Crypt:1  | Killed Saint Roka
 43341 | Crypt:1  | Reached skill level 5 in Ice Magic
 43834 | Crypt:2  | Noticed Boris
 43839 | Crypt:2  | Killed Boris
 43842 | Crypt:2  | Reached XP level 24. HP: 157/197 MP: 25/40
 44254 | Crypt:2  | Noticed Mara
 44260 | Crypt:2  | Noticed DerBasler's illusion
 44272 | Crypt:2  | Killed Mara
 44272 | Crypt:2  | Reached skill level 10 in Ice Magic
 44472 | Crypt:2  | Identified the +5 whip "Fuosoibuys" {drain, rF+ Dex+2} (You found it on level 2 of the Crypt)
 44978 | Crypt:3  | Entered Level 3 of the Crypt
 45003 | Crypt:3  | Found a staircase to the Tomb.
 45277 | Crypt:3  | Found an ancient bone altar of Kikubaaqudgha.
 45711 | Crypt:3  | Got a warped marble ring
 45719 | Crypt:3  | Identified the ring "Fapsick" {rCorr rC+ rN+} (You took it off a skeletal warrior on level 3 of the Crypt)
 45724 | Crypt:3  | Got a wavering golden amulet
 45725 | Crypt:3  | Identified the amulet of Peace {Gourm rF+ rC- rN+} (You took it off a skeletal warrior on level 3 of the Crypt)
 45767 | Crypt:3  | Got a slimy lapis lazuli ring
 45778 | Crypt:3  | Identified the cursed ring "Feisaics" {*Contam rN+++ Dex+4 Slay-2 SInv} (You found it on level 3 of the Crypt)
 45838 | Tomb:1   | Entered Level 1 of the Tomb of the Ancients
 46275 | Tomb:1   | Learned a level 8 spell: Necromutation
 46455 | Tomb:1   | Reached skill level 1 in Necromancy
 46664 | Tomb:1   | Noticed a greater mummy
 46665 | Tomb:1   | Noticed a greater mummy
 46671 | Tomb:1   | Killed a greater mummy
 46671 | Tomb:1   | Reached XP level 25. HP: 82/201 MP: 5/41
 46677 | Tomb:1   | Killed a greater mummy
 47581 | Tomb:2   | Noticed a greater mummy
 47581 | Tomb:2   | Noticed a greater mummy
 47581 | Tomb:2   | Noticed a greater mummy
 47581 | Tomb:2   | Noticed a greater mummy
 47637 | Tomb:1   | Reached skill level 5 in Necromancy
 48245 | Tomb:1   | Killed a greater mummy
 48575 | Tomb:1   | Killed a greater mummy
 48787 | Tomb:1   | Killed a greater mummy
 48964 | Tomb:2   | Killed a greater mummy
 49562 | Tomb:1   | Noticed a greater mummy
 49562 | Tomb:1   | Noticed a greater mummy
 49638 | Tomb:2   | Killed a greater mummy
 49659 | Tomb:1   | Killed a greater mummy
 49889 | Tomb:1   | Noticed a greater mummy
 49892 | Tomb:1   | Killed a greater mummy
 49944 | Tomb:1   | Noticed a greater mummy
 49964 | Tomb:1   | Killed a greater mummy
 49964 | Tomb:1   | Reached skill level 10 in Necromancy
 50014 | Tomb:1   | Noticed a greater mummy
 50022 | Tomb:1   | Noticed a greater mummy
 50035 | Tomb:1   | Killed a greater mummy
 50037 | Tomb:1   | Noticed a greater mummy
 50042 | Tomb:1   | Killed a greater mummy
 50057 | Tomb:1   | Killed a greater mummy
 50350 | Tomb:1   | Noticed a greater mummy
 50367 | Tomb:1   | Killed a greater mummy
 50400 | Tomb:1   | Noticed a greater mummy
 50431 | Tomb:1   | Killed a greater mummy
 50449 | Tomb:1   | Noticed a greater mummy
 50465 | Tomb:1   | Killed a greater mummy
 50784 | Tomb:2   | Noticed Jory
 50985 | Tomb:2   | Killed Jory
 50985 | Tomb:2   | Reached XP level 26. HP: 73/208 MP: 2/41
 51421 | Tomb:3   | Entered Level 3 of the Tomb of the Ancients
 51436 | Tomb:3   | Noticed Sojobo
 51798 | Tomb:2   | Killed Sojobo
 52063 | Tomb:3   | Noticed a greater mummy
 52064 | Tomb:3   | Noticed a greater mummy
 52194 | Tomb:3   | Killed a greater mummy
 52204 | Tomb:2   | Killed a greater mummy
 52244 | Tomb:3   | Noticed a greater mummy
 52244 | Tomb:3   | Noticed a greater mummy
 52433 | Tomb:3   | Noticed a greater mummy
 52435 | Tomb:3   | Noticed a greater mummy
 52497 | Tomb:2   | Killed a greater mummy
 52671 | Tomb:3   | Noticed a greater mummy
 52677 | Tomb:2   | Killed a greater mummy
 52897 | Tomb:3   | Killed a greater mummy
 52900 | Tomb:3   | Noticed a greater mummy
 52908 | Tomb:2   | Killed a greater mummy
 53079 | Tomb:2   | Killed a greater mummy
 53220 | Tomb:3   | Killed a greater mummy
 53224 | Tomb:3   | Noticed Khufu
 53236 | Tomb:2   | Killed Khufu
 53386 | Tomb:3   | Identified the Incunabulum of Spatial Moulding
 53427 | Tomb:3   | Got a smoking brass ring
 53429 | Tomb:3   | Identified the ring of Atokhiz {MR- MP+9 Dex+9 Slay+3} (You found it on level 3 of the Tomb of the Ancients)
 53434 | Tomb:3   | Identified the Papyrus of Transformation and Poisoning
 53472 | Tomb:3   | Got a golden rune of Zot
 53581 | Tomb:3   | Identified a scroll of acquirement
 54732 | Slime:1  | Entered Level 1 of the Pits of Slime
 55404 | Slime:5  | Entered Level 5 of the Pits of Slime
 55623 | Slime:5  | Found a viscous altar of Jiyva.
 55624 | Slime:5  | Noticed the Royal Jelly
 55628 | Slime:5  | Killed the Royal Jelly
 55628 | Slime:5  | Reached XP level 27. HP: 184/214 MP: 27/41
 55805 | Slime:5  | Identified the Grimoire of the Four Ghosts
 55839 | Slime:5  | Got a transparent steel ring
 55841 | Slime:5  | Identified the ring of Ishriu Bywa {Wiz +Inv Slay+6} (You found it on level 5 of the Pits of Slime)
 55867 | Slime:5  | Got a pair of warped gloves
 55878 | Slime:5  | Identified the +5 pair of gloves of the Hidden Vale {Stlth+} (You found it on level 5 of the Pits of Slime)
 55913 | Slime:5  | Got a slimy rune of Zot
 56477 | D:15     | Got an ancient leather armour
 56489 | D:15     | Identified the +1 leather armour of Itowot {rF- rC+ Dex+4 SInv} (You found it on level 15 of the Dungeon)
 56525 | Depths:1 | Entered Level 1 of the Depths
 56710 | Depths:1 | Found a one-way gate leading to the halls of Pandemonium.
 57047 | Depths:1 | Found a gateway to Hell.
 57166 | Depths:1 | Noticed the Enchantress
 57197 | Depths:1 | Killed the Enchantress
 58188 | Depths:1 | Got a faerie dragon armour
 58200 | Depths:1 | Identified the +5 faerie dragon armour {rF+ rC+ Slay+3} (You took it off the Enchantress on level 1 of the Depths)
 58320 | Depths:2 | Reached skill level 1 in Armour
 58411 | Depths:2 | Got a brightly glowing tin ring
 58438 | Depths:2 | Identified the Handbook of Air
 58454 | Depths:2 | Identified the ring of Qazlal's Generosity {+Inv rElec EV+1 Str-3 Stlth-} (You found it on level 2 of the Depths)
 58571 | Depths:2 | Found a glowing golden altar of the Shining One.
 58595 | Depths:2 | Noticed a juggernaut
 58598 | Depths:2 | Killed a juggernaut
 58598 | Depths:2 | Reached skill level 5 in Armour
 58642 | Depths:2 | Got a flickering ivory ring
 58670 | Depths:2 | Identified the ring "Fomnatze" {Fire *Corrode rPois rN+++ Int+4} (You took it off a deep elf demonologist on level 2 of the Depths)
 58710 | Depths:2 | Found a one-way gate to the infinite horrors of the Abyss.
 58775 | Depths:2 | Got a smoking steel ring
 58790 | Depths:2 | Identified the ring of Ashenzari's Approval {rN+ MR+ AC+4} (You found it on level 2 of the Depths)
 58810 | Depths:2 | Got a smoking hat
 58821 | Depths:2 | Identified the +2 hat of Vachakonn {-Cast rPois Int+5 Dex+2} (You acquired it on level 2 of the Depths)
 59253 | Depths:3 | Found Kappik's Distillery.
 59267 | Depths:3 | Bought a potion of curing for 39 gold pieces
 59267 | Depths:3 | Bought a potion of heal wounds for 65 gold pieces
 59267 | Depths:3 | Bought a potion of resistance for 130 gold pieces
 59267 | Depths:3 | Bought a potion of agility for 52 gold pieces
 59267 | Depths:3 | Bought a potion of cure mutation for 325 gold pieces
 59353 | Depths:3 | Noticed a juggernaut
 59366 | Depths:3 | Noticed an ancient lich
 59369 | Depths:3 | Killed a juggernaut
 59373 | Depths:3 | Killed an ancient lich
 59577 | Depths:3 | Identified the Almanac of the Nexus
 60008 | Depths:3 | Reached skill level 1 in Stealth
 60213 | Depths:3 | Reached skill level 5 in Stealth
 60344 | Depths:4 | Reached skill level 10 in Stealth
 61131 | Depths:4 | Voluntarily entered the Abyss.
 61203 | Abyss:1  | Reached skill level 15 in Stealth
 61363 | Abyss:2  | Found a sacrificial altar of Ru.
 61675 | Abyss:3  | Got an abyssal rune of Zot
 61723 | Depths:4 | Escaped the Abyss
 61898 | Depths:5 | Entered Level 5 of the Depths
 62055 | Depths:5 | Noticed an ancient lich
 62055 | Depths:5 | Found a gateway to a ziggurat.
 62061 | Depths:5 | Cast into level 5 of the Abyss (an ancient lich)
 62061 | Abyss:5  | Entered Level 5 of the Abyss
 62062 | Abyss:5  | Found a corrupted altar of Lugonu.
 62231 | Depths:5 | Escaped the Abyss
 62234 | Depths:5 | Killed an ancient lich
 62397 | Zig:1    | Entered Level 1 of a ziggurat
 62429 | Zig:2    | Entered Level 2 of a ziggurat
 62432 | Zig:2    | Noticed Myosiof the pandemonium lord
 62444 | Zig:2    | Killed Myosiof the pandemonium lord
 62465 | Zig:3    | Entered Level 3 of a ziggurat
 62490 | Zig:4    | Entered Level 4 of a ziggurat
 62493 | Zig:4    | Noticed Souj the pandemonium lord
 62507 | Zig:4    | Killed Souj the pandemonium lord
 62522 | Zig:5    | Entered Level 5 of a ziggurat
 62530 | Zig:5    | Gained mutation: You are partially covered in yellow scales. (AC +2) [a neqoxec]
 62539 | Zig:5    | Gained mutation: Your body sometimes deteriorates upon taking damage. [a neqoxec]
 62611 | Zig:6    | Entered Level 6 of a ziggurat
 62661 | Zig:7    | Entered Level 7 of a ziggurat
 62666 | Zig:7    | Noticed a greater mummy
 62674 | Zig:7    | Killed a greater mummy
 62855 | Zig:8    | Entered Level 8 of a ziggurat
 62858 | Zig:8    | Noticed Xigirisey the pandemonium lord
 62862 | Zig:8    | Paralysed by a giant eyeball for 2 turns
 62867 | Zig:8    | Paralysed by a giant eyeball for 4 turns
 62874 | Zig:8    | Killed Xigirisey the pandemonium lord
 63205 | Zig:9    | Entered Level 9 of a ziggurat
 63278 | Zig:10   | Entered Level 10 of a ziggurat
 63321 | Zig:10   | Identified the Papyrus of Hexes
 63334 | Zig:11   | Entered Level 11 of a ziggurat
 63603 | Zig:12   | Entered Level 12 of a ziggurat
 63619 | Zig:12   | Noticed Pirghah the pandemonium lord
 63641 | Zig:12   | Killed Pirghah the pandemonium lord
 63645 | Zig:12   | Gained mutation: You expend magic power (3 MP) to strengthen your wands. [a neqoxec]
 63960 | Zig:12   | Lost mutation: You expend magic power (3 MP) to strengthen your wands. [potion of cure mutation]
 63960 | Zig:12   | Lost mutation: Your body sometimes deteriorates upon taking damage. [potion of cure mutation]
 63960 | Zig:12   | Lost mutation: You are partially covered in yellow scales. (AC +2) [potion of cure mutation]
 63961 | Zig:12   | Reached skill level 27 in Unarmed Combat
 63967 | Zig:12   | Got a faintly glowing lapis lazuli ring
 63970 | Zig:12   | Identified the ring of Symmetry {*Confuse rElec rF+ SInv} (You found it on level 12 of a ziggurat)
 63978 | Zig:13   | Entered Level 13 of a ziggurat
 63996 | Zig:13   | Gained mutation: Armour fits poorly on your strangely shaped body. [a shining eye]
 64002 | Zig:13   | Gained mutation: Scrolls take you a little longer to read. [a shining eye]
 64030 | Zig:13   | Gained mutation: Your magical capacity is low. (-10% MP) [a shining eye]
 64053 | Zig:13   | Lost mutation: Your magical capacity is low. (-10% MP) [potion of cure mutation]
 64053 | Zig:13   | Lost mutation: Armour fits poorly on your strangely shaped body. [potion of cure mutation]
 64053 | Zig:13   | Lost mutation: Scrolls take you a little longer to read. [potion of cure mutation]
 64214 | Zig:14   | Entered Level 14 of a ziggurat
 64409 | Zig:15   | Entered Level 15 of a ziggurat
 64425 | Zig:15   | HP: 13/296 [daeva/divine providence (8)]
 64425 | Zig:15   | HP: 1/296 [daeva/divine providence (12)]
 64429 | Zig:15   | Killed from afar by an ophan

Vault maps used:
D:1:      dpeg_arrival_water_fire
D:2:      lemuel_upstairs_altar, ecumenical_altar_2, minmay_misc_feat_alley,
          trog_hazing_becter
D:3:      first_bread, gup_sewer_entry_glass, minmay_misc_feat_ornament,
          johnstein_pakellas_shop
D:4:      grunt_temple_overflow_gold_and_silver, minivault_23
D:5:      kennysheep_mini, uniq_blork_the_orc, uniq_grinder, uniq_duvessa,
          uniq_eustachio, uniq_menkaure
D:6:      nicolae_alphabet_shops
D:7:      nicolae_overflow_hidden_temple, old_standard_altar, grunt_livestock,
          tgw_trog
D:8:      led_sif_book, cheibrodos_ashenzari_chains,
          eat_drink_and_be_merry_uskayaw, hangedman_abyss_or_decor_stabs
D:9:      overflow_temple_1_default, nicolae_ru_the_path_less_chosen,
          lair_0_dummy
D:10:     orc_0_dummy, uniq_nergalle, uniq_fannar
D:11:     minmay_gate_of_8, special_room, nicolae_wwwww
D:14:     grunt_vaults_entry_fortified, enter_trove_5, tso_metal_star,
          basic_altar
D:15:     grunt_enter_depths_hoard, serial_shops, shop
Temple:   chequers_temple_sunken
Lair:1:   st_stairs_5, lemuel_old_faithful, grunt_megastairs_3
Lair:2:   minmay_lair_venomous_thicket, uniq_harold
Lair:3:   guppyfry_snake_entry_garden, minmay_lair_oklob_bushes
Lair:4:   nicolae_swamp_entry_splash_gauntlet, wad_woods_road_02,
          minmay_lair_drake_nest, serial_bayou_shore_b, grunt_megastairs_2
Lair:6:   hangedman_lair_tendril_chambers, slime_altar_1
Swamp:1:  infiniplex_staircase_pool, uniq_louise
Swamp:2:  serial_swamp_ruin, evilmike_swamp_ruin_house_3,
          evilmike_swamp_ruin_wall, uniq_roxanne, uniq_nikola
Swamp:3:  evilmike_swamp_ruin_house_1
Swamp:4:  swamp_alternative, infiniplex_staircase_pool_2
Snake:2:  serial_shops, shop, guppyfry_snake_island
Snake:3:  basic_altar, st_stairs_11, serial_bayou_pond_a,
          nicolae_snake_round_shape_thing
Snake:4:  snake_pit_salamanders_mu
Slime:1:  cheibrodos_slime_lost_civilization_5
Slime:2:  nicolae_slime_phagocytosis
Slime:3:  uniq_dissolution
Orc:1:    serial_shops, nicolae_shop_competitors_out_of_business, shop,
          shop_coins, uniq_snorg, uniq_erolcha
Orc:2:    st_orc_town
Vaults:1: nicolae_vaults_arrows, nicolae_vaults_ring_of_whatevers, v_misc_11,
          vaults_room_pools, ontoclasm_vaults_bender, v_alt_pattern_5,
          nicolae_vaults_murderbox, hangedman_vaults_slice, v_pattern_4,
          vaults_room_grunt_arrival_checkpoint, nicolae_vaults_little_squares_6,
          serial_shops, shop, nicolae_shop_overgrown_old_shop, shop_fountains,
          shop, nicolae_shop_waterfront, basic_altar
Vaults:2: nicolae_vaults_network_periphery, nicolae_vaults_diagonal_hallway_7,
          hangedman_vaults_stagger, vaults_mumra_hexcomb, v_misc_12,
          nicolae_vaults_ring_of_whatevers, vaults_dpeg_cross, v_misc_4,
          v_misc_25, nicolae_vaults_asterisk, nicolae_vaults_shelves_hall,
          serial_shops, shop, uniq_donald, uniq_margery, uniq_aizul
Vaults:3: vaults_dpeg_doors, vaults_room_pools, v_misc_12,
          vaults_room_fancy_cross, ontoclasm_vaults_tryst, grunt_vaults_bifocal,
          v_rooms_1, grunt_vaults_hallway_long, vaults_dpeg_diagonal,
          st_hourglassy, ontoclasm_vaults_gateway, ontoclasm_vaults_shuriken,
          nicolae_vaults_mini_display_case, nicolae_vaults_yaktaur_gun_rack,
          serial_shops, nicolae_shop_behind_doors
Vaults:4: nicolae_vaults_puzzle_piece, vaults_room_pools,
          grunt_vaults_hallway_short, v_misc_1, grunt_vaults_hallway_long,
          v_misc_19, nicolae_vaults_windows_and_doors_thing,
          nicolae_vaults_little_squares_4, vaults_room_stairs_pillars,
          nicolae_vaults_inception_scallops, hangedman_vaults_cutoff,
          nicolae_vaults_three_branches, v_misc_31, vaults_mumra_chevron
Vaults:5: serial_shops
Crypt:1:  uniq_boris, uniq_saint_roka
Crypt:2:  st_stairs_10, uniq_boris, uniq_mara
Crypt:3:  due_elkab, basic_altar
Tomb:2:   uniq_jory
Tomb:3:   uniq_sojobo
Depths:1: grunt_hell_horde, kennysheep_cross_room, pan_entry, minislime_mu,
          uniq_enchantress
Depths:2: hangedman_spin_cycle, abyss_entry, hell_entry
Depths:3: minmay_strange_plus, kennysheep_small_spiral,
          grunt_hell_entry_dis_grunt, serial_shops, nicolae_shop_stone,
          hangedman_abyss_entry_splay, grunt_pan_entry_zigzag
Depths:4: kennysheep_ambush_hall, hell_entry, abyss_entry_crystal, pan_entry
Depths:5: evilmike_zot_entry_diamond, enter_ziggurat_d,
          minmay_misc_feat_more_columns, pan_entry, hellmouth_1, serial_sigils,
          serial_sigils_hangedman_quiver, serial_sigils_hangedman_scar,
          uniq_mennas
Abyss:3:  nicolae_abyss_rune_left_handed
Abyss:5:  evilmike_abyss_exit_13, hangedman_decor_lopped,
          bh_abyss_xom_lugonu_altar, evilmike_abyss_exit_mutagenic
Zig:4:    ziggurat_pillar_centre_c
Zig:10:   ziggurat_loot_3
Zig:12:   ziggurat_pillar_centre_dead_trees
Zig:13:   ziggurat_loot_2
Sewer:    kennysheep_door_sewer

Skill      XL: |  1  2  3  4  5  6  7  8  9 10 11 12 13 14 15 16 17 18 19 20 21 22 23 24 25 26 27 |
---------------+----------------------------------------------------------------------------------+-----
Transmutations | 3 4 5 6 7 10 12 16 17 18 20 22 25 | 25.1
Dodging        | 3 5 7 11 13 15 17 18 19 21 22 23 26 27 | 27.0
Unarmed Combat | 6 9 12 13 14 15 16 18 20 21 27 | 27.0
Fighting       | 2 5 7 9 10 12 13 17 18 21 | 21.0
Spellcasting   | 5 7 10 11 13 14 | 14.2
Invocations    | 5 10 | 10.3
Ice Magic      | 8 11 | 11.1
Necromancy     | 3 12 | 12.0
Armour         | 5 |  5.4
Stealth        | 19 | 19.0

Action                   |  1- 3 |  4- 6 |  7- 9 | 10-12 | 13-15 | 16-18 | 19-21 | 22-24 | 25-27 || total
-------------------------+-------+-------+-------+-------+-------+-------+-------+-------+-------++-------
Melee: Unarmed           |   117 |   131 |   365 |   523 |   737 |   745 |   845 |   959 |  1941 ||  6363
       Punch             |     2 |     2 |     6 |    32 |    67 |    67 |   104 |   173 |   292 ||   745
       Headbutt          |     1 |       |       |       |       |       |       |       |       ||     1
       Tailslap          |       |       |       |     8 |    85 |   103 |   162 |    17 |     5 ||   380
       Bite              |       |       |       |     6 |    56 |    72 |    97 |    10 |     5 ||   246
 Cast: Sticks to Snakes  |     1 |    10 |    12 |     6 |       |       |       |       |     1 ||    30
       Beastly Appendage |     1 |       |       |       |       |       |       |       |       ||     1
       Spider Form       |     5 |    12 |    37 |    12 |       |       |       |     1 |       ||    67
       Blade Hands       |       |       |     3 |    48 |       |       |       |     1 |       ||    52
       Dragon Form       |       |       |       |     3 |    54 |    56 |    66 |     8 |     2 ||   189
       Ice Form          |       |       |       |       |     1 |       |       |       |       ||     1
       Statue Form       |       |       |       |       |     2 |     5 |     2 |    60 |   124 ||   193
       Hydra Form        |       |       |       |       |     1 |     8 |       |       |       ||     9
       Ozocubu's Armour  |       |       |       |       |       |       |       |     3 |     1 ||     4
       Necromutation     |       |       |       |       |       |       |       |       |     5 ||     5
       Irradiate         |       |       |       |       |       |       |       |       |     2 ||     2
Invok: Slouch            |       |       |       |       |       |     2 |     1 |     5 |     8 ||    16
       Step From Time    |       |       |       |       |       |       |       |       |     1 ||     1
 Abil: End Transformatio |       |       |     1 |     4 |     2 |       |     3 |     7 |     7 ||    24
Evoke: Wand              |       |       |       |       |       |       |       |       |     9 ||     9
  Use: Scroll            |     4 |     4 |     9 |    19 |     7 |     3 |     6 |     8 |    34 ||    94
       Potion            |       |     1 |     1 |     5 |       |       |     2 |     1 |    13 ||    23
 Stab: Sleeping          |       |     4 |     1 |     6 |     9 |     1 |    11 |     5 |    14 ||    51
       Distracted        |       |     1 |       |     1 |    10 |     4 |     3 |     8 |     4 ||    31
       Confused          |       |       |       |       |       |       |       |       |     1 ||     1
  Eat: Chunk             |     3 |     8 |    17 |    26 |    35 |     5 |    18 |    10 |     3 ||   125
       Bread ration      |       |       |     2 |       |       |       |       |       |       ||     2
       Meat ration       |       |       |       |     2 |     1 |     4 |     4 |     4 |     8 ||    23
       Beef jerky        |       |       |       |       |       |     1 |       |     1 |     3 ||     5
       Pizza             |       |       |       |       |       |       |       |     1 |       ||     1
       Fruit             |       |       |       |       |       |       |       |       |     6 ||     6
Armor: Robe              |    13 |     9 |    16 |    34 |    20 |     5 |     7 |    14 |    34 ||   152
       Skin              |     1 |     4 |     7 |    15 |   165 |   120 |   132 |   219 |   656 ||  1319
       Mottled dragon ar |       |       |       |       |       |       |       |       |    17 ||    17
Dodge: Dodged            |    95 |   138 |   382 |   512 |   914 |  1051 |  1168 |  1932 |  4960 || 11152
